 Dungeon Sprint DCSS version 0.31-a0-986-g5e6e4ef867 (webtiles) character file.

Game seed: 12095729622605472415

21060 fozzywoppz the Tortoise (level 12, -16/91 HPs)
             Began as a Gargoyle Fighter on Nov 17, 2023.
             Was a High Priest of Okawaru.
             Demolished by a spriggan berserker
             ... wielding a +1 antimagic broad axe
              (44 damage)
             ... in the Dungeon (Sprint IX: "|||||||||||||||||||||||||||||").
             The game lasted 00:09:13 (2253 turns).

fozzywoppz the Tortoise (Gargoyle Fighter)          Turns: 2253, Time: 00:09:14

Health: -16/91     AC: 44    Str: 23    XL:     12   Next: 86%
Magic:  21/22      EV: 13    Int:  9    God:    Okawaru [*****.]
Gold:   1693       SH:  0    Dex: 14    Spells: 11/11 levels left

rFire   . . .        s - +4 dire flail (heavy)
rCold   + . .        (shield currently unavailable)
rNeg    + . .        b - +3 plate armour
rPois   ∞            y - +0 helmet
rElec   +            a - +1 cloak {Will+}
rCorr   .            (no gloves)
SInv    .            G - +3 pair of mountain boots {steadfast, rC+}
Will    +....        (no amulet) Stlth
                     n - +3 ring of dexterity
HPRegen 0.35/turn    o - +2 ring of protection
MPRegen 0.18/turn

%: no teleportation
@: heroic, finesse-ful
A: sickness immunity, AC +8, negative energy resistance 1, electricity
resistance, torment resistance 1, petrification resistance
a: Renounce Religion, Heroism, Finesse


You were in the Dungeon.
You worshipped Okawaru.
Okawaru was extremely pleased with you.
You visited 1 branch You collected 1868 gold pieces.
You spent 175 gold pieces at shops.

Inventory:

Hand Weapons
 r - a +1 broad axe of freezing
 s - a +4 heavy dire flail (weapon)
Missiles
 d - 3 curare-tipped darts
 z - a boomerang
Armour
 a - a +1 cloak of willpower (worn)
 b - a +3 plate armour (worn)
 c - +0 acid dragon scales
 y - a +0 helmet (worn)
 G - the +3 pair of mountain boots (worn) {steadfast, rC+}
   (You found it in the Dungeon)

   Steadfast: It prevents involuntary movement, except for blinking,
   teleportation, or banishment.
   rC+:       It protects you from cold.
Jewellery
 n - a +3 ring of dexterity (left hand)
 o - a +2 ring of protection (right hand)
 C - an amulet of regeneration
 D - a ring of see invisible
 E - a ring of ice
Wands
 m - a wand of quicksilver (7)
Scrolls
 j - a scroll of blinking
 l - 2 scrolls of amnesia
 t - 4 scrolls of identify
 u - a scroll of vulnerability
 v - 2 scrolls of fear
 w - 3 scrolls of enchant armour
 A - a scroll of immolation
 B - a scroll of torment
Potions
 e - 5 potions of curing
 f - 2 potions of mutation
 g - 4 potions of haste
 h - 4 potions of magic
 i - 2 potions of berserk rage
 k - a potion of invisibility
 p - 3 potions of heal wounds


   Skills:
 + Level 17.5(22.5) Fighting
 - Level 16.0(21.0) Maces & Flails
 + Level 8.0(13.0) Throwing
 + Level 17.8(22.8) Armour
 + Level 6.8(11.8) Dodging
 - Level 5.0(10.0) Shields
 - Level 14.0 Invocations
 - Level 5.0 Evocations


You had 11 spell levels left.
You didn't know any spells.
Your spell library was empty.

Dungeon Overview and Level Annotations

Branches:
Dungeon (1/1)

Altars:
Cheibriados
Dithmenos
Elyvilon
Fedhas
Gozag
Hepliaklqana
Kikubaaqudgha
Makhleb
Nemelex Xobeh
Okawaru
Qazlal
Ru
Sif Muna
Trog
Uskayaw
Vehumet
Wu Jian
Xom
Yredelemnul
Zin
The Shining One
Jiyva
Lugonu

Shops:
D [:?(


Innate Abilities, Weirdness & Mutations

You are immune to sickness and miasma.
Your stone body is resilient. (AC +8)
You are immune to poison.
You resist negative energy. (rN+)
You are resistant to electric shocks. (rElec)
You are resistant to unholy torment.
You are immune to petrification.


Message History

The spriggan air mage closely misses you.
You miss the spriggan air mage.
The spriggan air mage is severely wounded.
You miss the spriggan air mage.
The spriggan air mage is severely wounded.
The spriggan air mage hits you but does no damage.
The spriggan berserker utters an invocation to Trog.
The spriggan berserker goes berserk!
Unknown command.
Okay, then.
You feel much better.
The spriggan air mage barely misses you.
You closely miss the spriggan air mage.
The spriggan air mage is severely wounded.
You puncture the spriggan air mage!
The spriggan air mage is almost dead.
The spriggan air mage casts a spell at you.
The bolt of lightning hits you. You resist.
* * * LOW HITPOINT WARNING * * *
You hit the spriggan air mage.
The spriggan air mage is almost dead.
The spriggan berserker rages.
You impale the spriggan air mage!!
You kill the spriggan air mage!
Okawaru is honoured by your kill.
Your base Throwing skill increases to level 8!
Unknown command.
You crush the spriggan berserker like a grape!!!
The spriggan berserker is almost dead.
The spriggan berserker completely misses you.
You closely miss the spriggan berserker.
The spriggan berserker is almost dead.
The spriggan berserker barely misses you.
You hit the spriggan berserker but do no damage.
The spriggan berserker is almost dead.
Unknown command.
You barely miss the spriggan berserker.
The spriggan berserker is almost dead.
The spriggan berserker hits you with a +1 antimagic broad axe!!!
You die...

▓▓▓▓▓▓▓▓▓▓▓▓▓▓▓▓▓▓▓▓▓▓▓▓▓
QC.i§§Yi@§§†)†..........[
▓▓▓▓▓▓▓▓▓▓▓▓▓▓▓▓▓▓▓▓▓▓▓▓▓▓▓▓▓▓▓▓▓
.................................
▓▓▓▓▓▓▓▓▓▓▓▓▓▓▓▓▓▓▓▓▓▓▓▓▓▓▓▓▓▓▓▓▓
.....'....[∩.∩.∩.∩.)..)'.....[.)[
▓▓▓▓▓▓▓▓▓▓▓▓▓▓▓▓▓▓▓▓▓▓▓▓▓▓▓▓▓▓▓▓▓
...).............................
▓▓▓▓▓▓▓▓▓▓▓▓▓▓▓▓▓▓▓▓▓▓▓▓▓▓▓▓▓▓▓▓▓
'....[[..'%.......†.†††.......†('


You could see an elephant (summoned, berserk) and a spriggan berserker (berserk,
regenerating, strong-willed).

Vanquished Creatures
  A sphinx (D)
  A stone giant (D)
  3 ogre magi (D)
  A spriggan air mage (D)
  3 centaur warriors (D)
  A death yak (D)
  An occultist (D)
  5 deep trolls (D)
  2 orc knights (D)
  2 deep elf pyromancers (D)
  An orc sorcerer (D)
  2 lindwurms (D)
  2 manticores (D)
  An ugly thing (D)
  2 black mambas (D)
  2 cane toads (D)
  2 komodo dragons (D)
  2 rime drakes (D)
  2 tengu conjurers (D)
  5 trolls (D)
  A tyrant leech (D)
  A blink frog (D)
  A wyvern (D)
  A basilisk (D)
  3 yaks (D)
  Grum (D)
  A wraith (D)
  A steam dragon (D)
  4 water moccasins (D)
  7 orc warriors (D)
  A black bear (shapeshifter) (D)
  3 wolves (D)
  A phantom (D)
  A kobold brigand (D)
  A scorpion (D)
  A killer bee (shapeshifter) (D)
  A hound (D)
  6 orc priests (D)
  7 orc wizards (D)
  An adder (D)
  5 worms (D)
  A dart slug (D)
  6 orcs (D)
  A goblin (D)
  A frilled lizard (D)
  2 rats (D)
101 creatures vanquished.

Notes
Turn   | Place    | Note
-------+----------+-------------------------------------------
     0 | D        | fozzywoppz the Gargoyle Fighter began the quest for the
                  | Orb.
     0 | D        | Reached XP level 1. HP: 14/14 MP: 1/1
   126 | D        | Noticed a hound
   126 | D        | Noticed a phantom
   126 | D        | Noticed a scorpion
   137 | D        | Killed a scorpion
   138 | D        | Reached skill level 5 in Fighting
   138 | D        | Reached skill level 5 in Armour
   138 | D        | Reached skill level 5 in Shields
   138 | D        | Reached XP level 2. HP: 19/21 MP: 2/2
   138 | D        | Reached XP level 3. HP: 24/26 MP: 3/3
   138 | D        | Reached XP level 4. HP: 29/31 MP: 4/4
   160 | D        | Killed a phantom
   161 | D        | Reached skill level 5 in Maces & Flails
   161 | D        | Reached XP level 5. HP: 17/37 MP: 5/5
   240 | D        | Found a snail-covered altar of Cheibriados.
   240 | D        | Found a shadowy altar of Dithmenos.
   240 | D        | Found a white marble altar of Elyvilon.
   240 | D        | Found a blossoming altar of Fedhas.
   240 | D        | Found an opulent altar of Gozag.
   241 | D        | Found a hazy altar of Hepliaklqana.
   242 | D        | Found a viscous altar of Jiyva.
   243 | D        | Found an ancient bone altar of Kikubaaqudgha.
   244 | D        | Found a corrupted altar of Lugonu.
   245 | D        | Found a burning altar of Makhleb.
   246 | D        | Found a sparkling altar of Nemelex Xobeh.
   247 | D        | Found an iron altar of Okawaru.
   248 | D        | Found a stormy altar of Qazlal.
   249 | D        | Found a sacrificial altar of Ru.
   250 | D        | Found a shimmering blue altar of Sif Muna.
   251 | D        | Found a bloodstained altar of Trog.
   252 | D        | Found a hide-covered altar of Uskayaw.
   253 | D        | Found a radiant altar of Vehumet.
   254 | D        | Found an ornate altar of the Wu Jian Council.
   255 | D        | Became a worshipper of Warmaster Okawaru
   256 | D        | Found a shimmering altar of Xom.
   257 | D        | Found a basalt altar of Yredelemnul.
   258 | D        | Found a glowing silver altar of Zin.
   259 | D        | Found a glowing golden altar of the Shining One.
   324 | D        | Noticed a yak
   324 | D        | Noticed an orc warrior
   324 | D        | Noticed a yak
   324 | D        | Noticed a wraith
   324 | D        | Noticed a kobold brigand
   324 | D        | Noticed a yak
   335 | D        | Killed a yak
   336 | D        | Reached XP level 6. HP: 35/45 MP: 5/8
   354 | D        | Killed a yak
   354 | D        | Reached * piety under Okawaru
   355 | D        | Reached XP level 7. HP: 18/52 MP: 7/11
   367 | D        | Killed a wraith
   368 | D        | Reached skill level 10 in Fighting
   527 | D        | Killed a yak
   527 | D        | Reached ** piety under Okawaru
   528 | D        | Reached skill level 10 in Maces & Flails
   539 | D        | HP: 2/52 [orc warrior/+0 war axe (7)]
   545 | D        | Reached XP level 8. HP: 18/57 MP: 14/14
   691 | D        | Noticed a centaur warrior
   691 | D        | Noticed a tengu conjurer
   691 | D        | Noticed a centaur warrior
   691 | D        | Noticed a centaur warrior
   697 | D        | Killed a centaur warrior
   697 | D        | Reached *** piety under Okawaru
   698 | D        | Reached skill level 10 in Invocations
   705 | D        | Killed a centaur warrior
   705 | D        | Reached **** piety under Okawaru
   706 | D        | Reached skill level 10 in Armour
   706 | D        | Reached XP level 9. HP: 14/62 MP: 13/17
   714 | D        | Killed a centaur warrior
   715 | D        | Reached skill level 5 in Dodging
   735 | D        | Killed a tengu conjurer
   925 | D        | Noticed a komodo dragon
   925 | D        | Noticed a black mamba
   932 | D        | Noticed a cane toad
   936 | D        | Reached XP level 10. HP: 55/68 MP: 19/19
   942 | D        | Killed a black mamba
   951 | D        | Killed a cane toad
   964 | D        | Noticed a death yak
   964 | D        | Noticed a cane toad
   964 | D        | Noticed a black mamba
   971 | D        | Killed a black mamba
   971 | D        | Reached ***** piety under Okawaru
   978 | D        | Killed a death yak
   981 | D        | Killed a cane toad
  1147 | D        | Reached XP level 11. HP: 73/76 MP: 21/21
  1154 | D        | Received a gift from Okawaru
  1170 | D        | Noticed a lindwurm
  1170 | D        | Noticed a lindwurm
  1177 | D        | Killed a lindwurm
  1178 | D        | Reached skill level 15 in Armour
  1180 | D        | Killed a lindwurm
  1255 | D        | Noticed Grum
  1263 | D        | Killed Grum
  1467 | D        | Noticed an orc sorcerer
  1467 | D        | Noticed an orc knight
  1471 | D        | Noticed an orc knight
  1479 | D        | Killed an orc knight
  1483 | D        | Killed an orc sorcerer
  1492 | D        | Killed an orc knight
  1522 | D        | Received a gift from Okawaru
  1523 | D        | Reached skill level 15 in Fighting
  1738 | D        | Found Qemmo Nutz's Weapon Boutique.
  1738 | D        | Noticed an ogre mage
  1738 | D        | Noticed a deep troll
  1738 | D        | Noticed a deep troll
  1742 | D        | Killed a deep troll
  1743 | D        | Reached skill level 1 in Throwing
  1743 | D        | Reached skill level 1 in Evocations
  1743 | D        | Noticed an ogre mage
  1749 | D        | Killed a deep troll
  1749 | D        | Noticed a deep troll
  1752 | D        | Killed an ogre mage
  1756 | D        | Found Niergh Cuerch's Magic Scroll Shop.
  1767 | D        | Found Soggalot's Book Boutique.
  1770 | D        | Killed an ogre mage
  1771 | D        | Reached XP level 12. HP: 67/88 MP: 16/22
  1778 | D        | Found Hicuweuci's Armour Shop.
  1791 | D        | Noticed an ogre mage
  1795 | D        | Received a gift from Okawaru
  1796 | D        | Reached skill level 15 in Maces & Flails
  1796 | D        | Reached skill level 5 in Throwing
  1796 | D        | Reached skill level 5 in Evocations
  1803 | D        | Killed an ogre mage
  1988 | D        | Bought a scroll of immolation for 52 gold pieces
  1988 | D        | Bought a scroll of torment for 123 gold pieces
  2104 | D        | Found the +3 pair of mountain boots {steadfast, rC+}
  2185 | D        | Noticed an occultist
  2195 | D        | Killed an occultist
  2197 | D        | Noticed a stone giant
  2209 | D        | Noticed a sphinx
  2212 | D        | Killed a stone giant
  2224 | D        | Noticed a spriggan air mage
  2225 | D        | Noticed a spriggan berserker
  2234 | D        | Noticed a stone giant
  2239 | D        | Killed a sphinx
  2249 | D        | Killed a spriggan air mage
  2253 | D        | Demolished by a spriggan berserker

Illustrated notes

Levels and vault maps discovered:
D:        linesprint [early_d, line_temple, items_1, d_10, items_2, lair_1,
          lair_end, items_3, orc_1, orc_end, items_4, d_15, swamp_1, shoals_1,
          snake_1, spider_1, d_20, vaults_1, items_5, swamp_end, shoals_end,
          snake_end, spider_end, vaults_end, d_27, items_6, zot_1, zot_end,
          crypt_end, forest_end, elf_end, slime_end, tomb_end, abyss_end,
          pan_hell_end]

Skill      XL: |  1  2  3  4  5  6  7  8  9 10 11 12 |
---------------+-------------------------------------+-----
Fighting       | 5 6 8 9 10 11 15 17 | 17.5
Maces & Flails | 4 5 7 8 10 11 13 14 16 | 16.0
Armour         | 5 6 8 10 11 14 17 | 17.8
Shields        | 5 |  5.0
Invocations    | 3 6 8 10 12 14 | 14.0
Dodging        | 4 5 6 |  6.8
Throwing       | 4 8 |  8.0
Evocations     | 4 5 |  5.0

Action                     |  1- 3 |  4- 6 |  7- 9 | 10-12 || total
---------------------------+-------+-------+-------+-------++-------
  Melee: Flail             |    27 |    63 |    33 |       ||   123
         Dire flail        |       |       |    45 |   220 ||   265
 Invoke: Heroism           |       |       |     1 |     6 ||     7
         Finesse           |       |       |     1 |     6 ||     7
  Evoke: Wand              |       |       |       |     3 ||     3
    Use: Potion            |       |     1 |     3 |     3 ||     7
         Scroll            |       |       |     4 |     4 ||     8
 Armour: Scale mail        |    10 |    26 |       |       ||    36
         Ring mail         |       |    19 |    26 |       ||    45
         Plate armour      |       |       |    72 |   130 ||   202
  Dodge: Dodged            |    12 |    14 |    32 |    74 ||   132
  Block: Buckler           |     6 |    13 |     5 |       ||    24

Table legend: (Time is in decaauts)
 A = Elapsed time spent in this place.
 B = Non-inter-level travel time spent in this place.
 C = Inter-level travel time spent in this place.
 D = Time resting spent in this place.
 E = Time spent auto-exploring this place.
 F = Levels seen in this place.
 G = Mean time per level.
                   A        B        C        D        E       F      G
               +--------+--------+--------+--------+--------+-----+--------+
         Total |   2183 |   2183 |      0 |   1028 |      0 |   1 | 2183.0 |
       Dungeon |   2183 |   2183 |      0 |   1028 |      0 |   1 | 2183.0 |
               +--------+--------+--------+--------+--------+-----+--------+

Top non-repeatable levels by time:
       D: 2183 daAuts
